 Dungeon Crawl Stone Soup version 0.27.1-4-g1640c2035a (webtiles) character file.

Game seed: 5575162682424538402

61 McKennaii the Magician (level 4, -4/31 HPs)
             Began as a Djinni Air Elementalist on Nov 18, 2021.
             Slain by Terence (9 damage)
             ... on level 2 of the Dungeon.
             The game lasted 00:01:53 (2146 turns).

McKennaii the Magician (Djinni Air Elementalist)    Turns: 2146, Time: 00:01:54

Health: -4/31      AC:  2    Str:  7    XL:     4   Next: 27%
Gold:   89         EV: 12    Int: 17    God:
                   SH:  0    Dex: 14

rFire    + + .     SeeInvis .   (no weapon)
rCold    x . .     Faith    .   (no shield)
rNeg     . . .     Spirit   .   a - +0 robe
rPois    ∞         Reflect  .   (no helmet)
rElec    .         Harm     .   (no cloak)
rCorr    .         Rampage  .   (no gloves)
Will     .....                  (boots unavailable)
Stlth    ++........             (no amulet)
HPRegen  0.10/turn              (no ring)
MPRegen  0.00/turn              (no ring)

@: flying
A: sickness immunity, fire resistance 2, cold vulnerability 1, float, innate
caster, hp casting, extra vitality 1
a: no special abilities


You were on level 2 of the Dungeon.
You visited 1 branch of the dungeon, and saw 3 of its levels.

You collected 89 gold pieces.

Inventory:

Armour
 a - a +0 robe (worn)
Scrolls
 b - 3 scrolls of identify {unknown}
 c - a scroll of teleportation {unknown}
 e - 2 scrolls of enchant weapon {unknown}
 g - a scroll of torment {unknown}
Potions
 d - 2 potions of ambrosia {unknown}
 f - a potion of curing {unknown}
 h - a potion of flight {unknown}


   Skills:
 + Level 2.5 Dodging
 + Level 2.3 Stealth
 + Level 3.3 Spellcasting


You couldn't memorise any spells.
You knew the following spells:

 Your Spells              Type           Power      Damage    Failure   Level
a - Shock                 Conj/Air       56%        1d6       4%          1
b - Static Discharge      Conj/Air       14%        N/A       7%          2
c - Swiftness             Air            14%        N/A       13%         3
d - Airstrike             Air            7%         N/A       41%         4
e - Summon Small Mammal   Summ           56%        N/A       4%          1
Your spell library was empty.

Dungeon Overview and Level Annotations

Branches:
Dungeon (3/15)

Altars:

Annotations:
D:2 Terence


Innate Abilities, Weirdness & Mutations

You are immune to sickness and miasma.
You are immune to poison.
Your flesh is very heat resistant. (rF++)
You are vulnerable to cold. (rC-)
You float through the air rather than walking.
You learn spells naturally, not from books.
Your magical power is your life essence.
You have superior vitality. (+4 HP)


Message History

Terence is nearby!
The zap misses Terence.
Terence barely misses you.
Terence is nearby!
You are too injured to fight recklessly!
You are too injured to fight recklessly!
Terence is nearby!
You are too injured to fight recklessly!
Terence is nearby!
You are too injured to fight recklessly!
Terence is nearby!
A goblin and a hobgoblin come into view.
The goblin shouts!
The hobgoblin shouts!
Found an embroidered hat and a scroll labelled EPHEOWKIABO.
Your magical contamination has completely faded away.
Terence closely misses you.
Found 7 gold pieces.
Found an escape hatch in the floor.
There is an escape hatch in the ceiling here.
Terence barely misses you. A mysterious force pulls you upwards.
The hatch slams shut behind you.
Casting: Shock (safe; 4% risk of failure)
Confirm with . or Enter, or press ? or * to list all spells.
Aiming: Shock (safe; 4% risk of failure)
Press: ? - help, Shift-Dir - straight line The zap hits Terence.
Terence is heavily wounded.
The zap hits Terence.
Terence is heavily wounded.
Terence hits you with a +0 flail!
* * * LOW HITPOINT WARNING * * *
Casting: Shock (safe; 4% risk of failure)
Confirm with . or Enter, or press ? or * to list all spells.
Aiming: Shock (safe; 4% risk of failure)
Press: ? - help, Shift-Dir - straight line The zap hits Terence but does no damage.
Terence is heavily wounded.
The zap hits Terence.
Terence is severely wounded.
* * * LOW HITPOINT WARNING * * *
Terence hits you with a +0 flail!
You die...

#..##..####.##...##
#..##.†## #.###..#
#..##...###.# #..##
#...........# #..##
##.##.#.##### #....
#>##.#.# ##.##
#.##.#.# #.##
#.##.#.# #.#
#@##.#.# #.#
#@##.#.########.#
#.##....##......#
#..........#######
#####...#.........
##.###.#######
##...........#
#...##.#####.#
#.#.....# #.#


You could see Terence.

Vanquished Creatures
  2 adders
  2 dart slugs
  3 bats
  An endoplasm (D:2)
  2 giant cockroaches
  7 goblins
  7 hobgoblins (D:1)
  A quokka (D:1)
  4 ball pythons
  3 frilled lizards
  2 kobolds (D:1)
  2 rats
36 creatures vanquished.

Vanquished Creatures (others)
  A kraken (D:1)
  2 minotaurs (D:1)
  A draconian (D:1)
  A palentonga (D:1)
  2 djinn (D:1)
  An elf (D:1)
  A troll (D:1)
  A spriggan (D:1)
  A naga (D:1)
  A gnoll (D:1)
  An orc (D:1)
  6 tentacles (D:1)
19 creatures vanquished.

Grand Total: 55 creatures vanquished

Notes
Turn   | Place    | Note
-------+----------+-------------------------------------------
     0 | D:1      | McKennaii the Djinni Air Elementalist began the quest for
                  | the Orb.
     0 | D:1      | Reached XP level 1. HP: 15/15 MP: 0/0
     2 | D:1      | Noticed an elf
     2 | D:1      | Noticed a palentonga
     2 | D:1      | Noticed a troll
     2 | D:1      | Noticed a djinni
     2 | D:1      | Noticed a naga
     2 | D:1      | Noticed a djinni
     2 | D:1      | Noticed a kraken
     2 | D:1      | Noticed a spriggan
     2 | D:1      | Noticed a draconian
     2 | D:1      | Noticed a minotaur
     2 | D:1      | Noticed a minotaur
     2 | D:1      | Noticed a human
     2 | D:1      | Noticed a vampire
     2 | D:1      | Noticed a minotaur
     5 | D:1      | Killed a djinni
     7 | D:1      | Killed a spriggan
     8 | D:1      | Killed a naga
     9 | D:1      | Killed a draconian
     9 | D:1      | Killed a troll
    11 | D:1      | Killed a djinni
    11 | D:1      | Killed a palentonga
    12 | D:1      | Killed an elf
    13 | D:1      | Killed a minotaur
    15 | D:1      | Killed a minotaur
    17 | D:1      | Killed a kraken
   340 | D:1      | Found a faded altar of an unknown god.
   378 | D:1      | Reached XP level 2. HP: 20/21 MP: 0/0
   760 | D:1      | Reached XP level 3. HP: 19/25 MP: 0/0
   760 | D:1      | Learned a level 1 spell: Summon Small Mammal
   851 | D:1      | Reached skill level 3 in Spellcasting
  1925 | D:3      | Reached XP level 4. HP: 30/31 MP: 0/0
  2117 | D:3      | Noticed Terence
  2146 | D:2      | Slain by Terence

Illustrated notes

Levels and vault maps discovered:
D:1:      nicolae_arrival_kraken_aquarium_b, layout_rooms,
          ebering_ecumenical_altar_abandoned, hangedman_decor_clover_reticule,
          chequers_serial_rivers_large_a, minmay_misc_feat_x
D:2:      layout_loops_ring, corexii_leaking_fountain
D:3:      layout_basic, uniq_terence

Skill      XL: |  1  2  3 |
---------------+----------+-----
Spellcasting   | 3 |  3.3
Stealth        | 2 |  2.3
Dodging        | |  2.5

Action                   |  1- 3 |  4- 6 || total
-------------------------+-------+-------++-------
 Cast: Shock             |    59 |    24 ||    83
Armor: Robe              |     2 |       ||     2
Dodge: Dodged            |     7 |     6 ||    13
